 Dungeon Crawl Stone Soup version 0.20-a0-903-g7e3609c (webtiles) character file.

64 inmateoo the Skirmisher (level 4, -4/24 HPs)
             Began as a Vine Stalker Fighter on Mar 20, 2017.
             Was a Follower of Wu Jian.
             Killed by divine providence
             ... invoked by an orc priest
              (14 damage)
             ... on level 3 of the Dungeon.
             The game lasted 00:03:47 (1672 turns).

inmateoo the Skirmisher (Vine Stalker Fighter)      Turns: 1672, Time: 00:03:48

Health: -4/24      AC:  7    Str: 20    XL:     4   Next: 12%
Magic:  0/5        EV:  7    Int:  8    God:    Wu Jian [*.....]
Gold:   89         SH:  9    Dex: 13    Spells: 3/3 levels left

rFire    . . .     SeeInvis .   a - +0 long sword
rCold    . . .     Gourm    .   b - +0 scale mail
rNeg     . . .     Faith    .   c - +0 shield
rPois    .         Spirit   +   p - +0 helmet
rElec    .         Reflect  .   (no cloak)
rCorr    .         Harm     .   (no gloves)
MR       .....                  (no boots)
Stlth    ..........             (no amulet)
Regen    0.5/turn               (no ring)
MPRegen  0.1/turn               (no ring)

@: no status effects
A: fangs 2, regeneration 1, magic shield, antimagic bite, no potion heal 3, rot
immunity
a: Renounce Religion


You were on level 3 of the Dungeon.
You worshipped Wu Jian.
Wu Jian was aware of your devotion.
You were hungry.

You visited 1 branch of the dungeon, and saw 3 of its levels.

You collected 89 gold pieces.

Inventory:

Hand Weapons
 a - a +0 long sword (weapon)
Armour
 b - a +0 scale mail (worn)
 c - a +0 shield (worn)
 p - a +0 helmet (worn)
Wands
 l - a wand of acid (10/15)
 m - a wand of acid (5/15)
Scrolls
 e - a scroll of blinking {unknown}
 g - a scroll of fear {unknown}
 i - a scroll of enchant weapon {unknown}
 j - a scroll of identify {unknown}
 n - a scroll of random uselessness {unknown}
Potions
 d - a potion of berserk rage {unknown}
 o - a potion of heal wounds {unknown}
Comestibles
 f - 3 bread rations
 h - 3 meat rations
 q - 22 fruits


   Skills:
 + Level 3.1 Fighting
 * Level 2.6 Long Blades
 + Level 2.7 Armour
 + Level 3.1 Shields


You had 3 spell levels left.
You didn't know any spells.

Dungeon Overview and Level Annotations

Branches:
Dungeon (3/15)

Altars:
Hepliaklqana
Vehumet
Wu Jian


Innate Abilities, Weirdness & Mutations

You have extremely sharp teeth.
Your natural rate of healing is unusually fast.
When hurt, damage is shared between your health and your magic reserves.
Your bite disrupts and absorbs the magic of your enemies.
Potions cannot restore your health.
You are immune to rotting.


Message History

The adder is severely wounded.
The adder bites you but does no damage.
The orc priest calls upon Beogh to heal the orc.
The orc is healed somewhat.
You block the adder's attack.
The orc priest calls upon Beogh to heal the orc.
The orc's wounds heal themselves!
The adder bites you.
* * * LOW HITPOINT WARNING * * *
You block the adder's attack. You block the adder's attack.
The adder bites you but does no damage.
You open the door. You block the adder's attack.
A rat comes into view.
The adder bites you.
There is an open door here.
The orc priest mumbles some strange prayers to Beogh against you.
Beogh smites you!
Ouch! That really hurt!
You die...

# ####........... ##
#.........##
.#####........ # #
.#.....#...... ..
.#.....#.##### ...
.#.....#.# ....
.#....o..# ####.....
.#.....#########........
.#####o####...##@.r.....
.# #o##.....'o........
## #.##.#...####......
#.##o.o..# ......
#........# ....?
####.....# ..... #######
.... .###


You could see an orc priest, 2 orcs and a rat.

Vanquished Creatures
  An adder (D:3)
  3 worms (D:2)
  2 dart slugs
  A giant cockroach (D:1)
  4 goblins
  4 hobgoblins
  10 kobolds
  3 ball pythons
  7 bats
  A frilled lizard (D:2)
  7 rats
43 creatures vanquished.

Notes
Turn   | Place    | Note
-------+----------+-------------------------------------------
     0 | D:1      | inmateoo the Vine Stalker Fighter began the quest for the Orb.
     0 | D:1      | Reached XP level 1. HP: 11/11 MP: 2/2
    86 | D:1      | Reached XP level 2. HP: 15/16 MP: 3/3
   633 | D:2      | Found an ornate altar of the Wu Jian Council.
   641 | D:2      | Became a worshipper of the Wu Jian Council
   644 | D:2      | Reached XP level 3. HP: 12/20 MP: 4/4
   937 | D:2      | Found a radiant altar of Vehumet.
  1106 | D:2      | Found a hazy altar of Hepliaklqana.
  1530 | D:3      | Gained mutation: Your natural rate of healing is unusually fast. [Vine Stalker growth]
  1530 | D:3      | Reached XP level 4. HP: 3/24 MP: 2/5
  1624 | D:3      | Reached * piety under Wu Jian
  1672 | D:3      | Killed from afar by an orc priest

Vault maps used:
D:1:      onia_arrival_larder, st_stairs_6, minivault_24,
          minmay_misc_feat_diagonals
D:2:      old_standard_altar, fiery_altar_vehumet, lemuel_crystal_altar,
          first_bread, dk_vineyard_1

Skill      XL: |  1  2  3 |
---------------+----------+-----
Long Blades    | 2 |  2.6
Fighting       | 3 |  3.1
Shields        | 3 |  3.1
Armour         | |  2.7

Action                   |  1- 3 |  4- 6 || total
-------------------------+-------+-------++-------
Melee: Long sword        |   107 |    10 ||   117
       Bite              |    18 |     3 ||    21
  Use: Potion            |     3 |       ||     3
  Eat: Chunk             |     1 |     1 ||     2
Armor: Scale mail        |    53 |     2 ||    55
Dodge: Dodged            |    24 |     6 ||    30
Block: Shield            |    60 |    10 ||    70
       Rpst.: Long sword |     5 |     3 ||     8
